 Dungeon Crawl Stone Soup version 0.31-a0-174-g85c54bcb58 (webtiles) character file.

Game seed: 16569159037292919827

69 qw the Shooter (level 4, 0/28 HPs)
             Began as a Gargoyle Hunter on June 15, 2023.
             Was an Initiate of Okawaru.
             Slain by Ijyb
             ... wielding a +0 dagger
              (4 damage)
             ... on level 3 of the Dungeon.
             The game lasted 00:00:37 (1721 turns).

qw the Shooter (Gargoyle Hunter)                    Turns: 1721, Time: 00:00:38

Health: 0/28       AC:  8    Str: 15    XL:     4   Next: 20%
Magic:  4/4        EV: 11    Int:  9    God:    Okawaru [......]
Gold:   90         SH:  0    Dex: 21    Spells: 3/3 levels left

rFire   . . .        Y - +0 shortbow
rCold   . . .        (shield currently unavailable)
rNeg    + . .        f - +0 ring mail
rPois   inf          (no helmet)
rElec   +            (no cloak)
rCorr   .            (no gloves)
SInv    .            (no boots)
Will    .....        (no amulet)
Stlth   +            e - +6 ring of dexterity
HPRegen 0.24/turn    (no ring)
MPRegen 0.09/turn

%: no passive effects
@: no status effects
A: sickness immunity, AC +3, negative energy resistance 1, electricity
resistance, torment resistance 1, petrification resistance
a: Renounce Religion


You were on level 3 of the Dungeon.
You worshipped Okawaru.
Okawaru was noncommittal.
You visited 1 branch of the dungeon, and saw 3 of its levels.

You collected 90 gold pieces.


Innate Abilities, Weirdness & Mutations

You are immune to sickness and miasma.
Your stone body is resilient. (AC +3)
You are immune to poison.
You resist negative energy. (rN+)
You are resistant to electric shocks. (rElec)
You are resistant to unholy torment.
You are immune to petrification.


   Skills:
 - Level 3.0 Fighting
 + Level 5.1 Ranged Weapons
 - Level 1.0 Armour
 - Level 1.5 Dodging
 - Level 1.1 Stealth


You had 3 spell levels left.
You didn't know any spells.
Your spell library was empty.

Inventory:

Hand Weapons
 Y - a +0 shortbow (weapon)
Armour
 f - a +0 ring mail (worn)
Jewellery
 e - a +6 ring of dexterity (left hand)
Scrolls
 b - a scroll of identify
Potions
 a - a potion of cancellation {unknown}
 d - a potion of lignification {unknown}
 g - a potion of curing {unknown}
 h - a potion of haste {unknown}

Dungeon Overview and Level Annotations

Branches:
Dungeon (3/15)

Altars:
Okawaru

Shops:
D:1 (   D:3 *

Annotations:
D:3 Ijyb


Message History

Ijyb barely misses you.
You shoot an arrow. The arrow hits Ijyb but does no damage.
Ijyb is severely wounded.
Ijyb hits you but does no damage.
You shoot an arrow. The arrow hits Ijyb but does no damage.
Ijyb is severely wounded.
Ijyb hits you but does no damage.
You shoot an arrow. The arrow barely misses Ijyb.
Ijyb hits you but does no damage.
You shoot an arrow. The arrow hits Ijyb but does no damage.
Ijyb is severely wounded.
Ijyb hits you but does no damage. Ijyb hits you with a +0 dagger.
You shoot an arrow. The arrow hits Ijyb but does no damage.
Ijyb is heavily wounded.
Ijyb closely misses you.
You shoot an arrow. The arrow hits Ijyb but does no damage.
Ijyb is heavily wounded.
Ijyb barely misses you.
You shoot an arrow. The arrow closely misses Ijyb.
Ijyb hits you but does no damage.
You shoot an arrow. The arrow hits Ijyb but does no damage.
Ijyb is heavily wounded.
Ijyb barely misses you. Ijyb closely misses you.
You shoot an arrow. The arrow hits Ijyb.
Ijyb is severely wounded.
Ijyb barely misses you.
You shoot an arrow. The arrow closely misses Ijyb.
Ijyb hits you with a +0 dagger.
You shoot an arrow. The arrow hits Ijyb but does no damage.
Ijyb is severely wounded.
Ijyb barely misses you.
You shoot an arrow. The arrow hits Ijyb but does no damage.
Ijyb is severely wounded.
Ijyb barely misses you. x2
You shoot an arrow. The arrow hits Ijyb but does no damage.
Ijyb is severely wounded.
Ijyb hits you with a +0 dagger.
You shoot an arrow. The arrow closely misses Ijyb.
Ijyb hits you with a +0 dagger.
You die...

########### ##
#...'..).). ~~
#...'...... ~~
#..g#...... ####~~
#.@.##########...~~
#............#...~~
#............#.).~~
##'##..%..##'##..~~
#...#.%...#...#..~~
#...#..)..#...#..~~
#...#.....#...#..~~
##'##.....##'##..~~
#.).#.....#.).(..~~


You could see Ijyb.

Vanquished Creatures
  3 adders
  3 dart slugs
  4 ball pythons
  4 bats
  An endoplasm (D:1)
  7 goblins (D:3)
  A hobgoblin (D:1)
  3 jackals (D:3)
  A quokka (D:2)
  5 frilled lizards
  A kobold (D:3)
  4 rats
37 creatures vanquished.

Notes
Turn   | Place    | Note
-------+----------+-------------------------------------------
     0 | D:1      | qw the Gargoyle Hunter began the quest for the Orb.
     0 | D:1      | Reached XP level 1. HP: 12/12 MP: 1/1
     0 | D:1      | 0 ||| qw: Version: 0.2-a-29-g511e9b1
     0 | D:1      | 0 ||| qw: Game counter: 5211
     0 | D:1      | 0 ||| qw: Always use a shield: true
     0 | D:1      | 0 ||| qw: God list: Okawaru
     0 | D:1      | 0 ||| qw: Allow faded altars: false
     0 | D:1      | 0 ||| qw: Do Orc after D:15 true
     0 | D:1      | 0 ||| qw: Do second Lair branch before Depths: true
     0 | D:1      | 0 ||| qw: Lair rune preference: random
     0 | D:1      | 0 ||| qw: Plans: Normal, Zot:1-4, Slime:5, God:TSO, Crypt,
                  | Tomb, Abyss, Pan, Hells, Win
     0 | D:1      | 0 ||| PLANNING D:1-11
    56 | D:1      | Found Myisetid's Antique Weapon Boutique.
   142 | D:1      | Reached XP level 2. HP: 17/17 MP: 2/2
   550 | D:1      | 550 ||| DROPPING ring of flight.
   551 | D:1      | 551 ||| READING scroll labelled KORGHU JEDIXOOR.
   552 | D:1      | 552 ||| READING 3 scrolls labelled UMUX ZEPPELOSCHIPS.
   553 | D:1      | 553 ||| READING scroll labelled MIZAGI JYLEYDIB.
   554 | D:1      | 554 ||| DRINKING 2 cyan potions.
   555 | D:1      | 555 ||| DROPPING scroll of butterflies.
   556 | D:1      | 556 ||| DROPPING 2 scrolls of immolation.
   557 | D:1      | 557 ||| DROPPING potion of brilliance.
   641 | D:2      | Reached skill level 5 in Ranged Weapons
   641 | D:2      | Reached XP level 3. HP: 21/21 MP: 3/3
  1410 | D:2      | 1410 ||| UPGRADING to +0 ring mail.
  1420 | D:2      | 1420 ||| DROPPING +0 leather armour.
  1421 | D:2      | 1421 ||| UPGRADING to +6 ring of dexterity.
  1422 | D:2      | 1422 ||| READING scroll labelled YLYSOF KUCK.
  1426 | D:2      | 1426 ||| READING scroll labelled FERGHA TAGEB PUCONO.
  1427 | D:2      | 1427 ||| READING scroll labelled ICWUSKOGHO.
  1468 | D:3      | Found Baudd's General Store.
  1479 | D:3      | 1479 ||| SHOPLISTING potion of haste (100 gold, have 70).
  1479 | D:3      | 1479 ||| SHOPLISTING ring of willpower (250 gold, have 70).
  1479 | D:3      | 1479 ||| SHOPLISTING scroll of enchant weapon (75 gold,
                  | have 70).
  1486 | D:3      | Reached skill level 1 in Armour
  1519 | D:3      | Found an iron altar of Okawaru.
  1520 | D:3      | 1520 ||| PLANNING OKAWARU WORSHIP
  1535 | D:3      | Became a worshipper of Warmaster Okawaru
  1536 | D:3      | 1536 ||| PLANNING D:1-11
  1600 | D:3      | Identified the +10 long sword "Ineasaew" {vamp, rF++}
  1611 | D:3      | Reached skill level 3 in Fighting
  1611 | D:3      | Reached XP level 4. HP: 28/28 MP: 4/4
  1687 | D:3      | Noticed Ijyb
  1688 | D:3      | 1688 ||| Stepping ~*~*~tactically~*~*~ (outnumbered).
  1689 | D:3      | 1689 ||| Stepping ~*~*~tactically~*~*~ (outnumbered).
  1691 | D:3      | 1691 ||| Stepping ~*~*~tactically~*~*~ (outnumbered).
  1717 | D:3      | HP: 6/28 [Ijyb/+0 dagger (4)]
  1721 | D:3      | Slain by Ijyb

Levels and vault maps discovered:
D:1:      heliophobic_arrival_enchanted_forest, layout_rooms, serial_shops,
          nicolae_shop_tiny_real_fake_doors, serial_rivers,
          chequers_serial_rivers_micro_e, chequers_serial_rivers_small_3,
          chequers_serial_rivers_micro_a, chequers_serial_rivers_small_3,
          serial_park_tiny_2
D:2:      layout_basic
D:3:      kennysheep_goblin_castle, layout_loops_ring,
          okawaru_ov_weapons_minmay, kennysheep_ying_yang, serial_shops, shop,
          minmay_box_of_dots

Skill      XL: |  1  2  3 |
---------------+----------+-----
Ranged Weapons | 5 |  5.1
Armour         | 1 |  1.0
Fighting       | 3 |  3.0
Dodging        | |  1.5
Stealth        | |  1.1

Action                     |  1- 3 |  4- 6 || total
---------------------------+-------+-------++-------
   Fire: Shortbow          |    79 |    46 ||   125
    Use: Scroll            |     6 |       ||     6
         Potion            |     1 |       ||     1
 Armour: Leather armour    |     6 |       ||     6
         Ring mail         |    20 |    11 ||    31
  Dodge: Dodged            |    23 |    26 ||    49

Table legend:
 A = Non-vault XP
 B = Vault XP
 C = Vault XP percentage of total XP
 D = Non-vault monster count
 E = Vault monster count
 F = Vault count percentage of total count
                 A         B        C        D         E       F
            +---------+---------+-------+---------+---------+-------
      Total |      79 |      20 |  20.2 |      26 |      11 |  29.7
            +---------+---------+-------+---------+---------+-------
        D:1 |      23 |       0 |   0.0 |      13 |       0 |   0.0
        D:2 |      25 |       0 |   0.0 |       8 |       0 |   0.0
        D:3 |      31 |      20 |  39.2 |       5 |      11 |  68.8
            +---------+---------+-------+---------+---------+-------
